AoeStats
← Westgate

Arabia

508865048Analyzed
1v1 RM · 9d ago on Sep 24, 2026· 66m 57s· 2 players
Game mode
Random Map
Map size
Tiny (2 player)
Population
200
Speed
Normal
Resources
Standard
Victory
Conquest
Starting age
Dark Age
Ending age
Imperial Age
RankedLock teamsTeams togetherTeam positionsShared explorationLock speedFull tech treeHidden civsTurbo modeCheats
Victory
Defeat
🇨🇳 Danes · China
1269
+17
🇨🇳 Varangians · China
1285
-17
未知103
6:20 Loom
9:29 Feudal Age
9:40 Man-at-Arms
10:19 Double-Bit Axe
13:36 Horse Collar
18:29 Fletching
22:27 Castle Age
23:42 Gold Mining
24:54 Bodkin Arrow
26:53 Padded Archer Armor
29:17 Ballistics
30:15 Stone Mining
31:39 Bloodlines
32:26 Husbandry
33:13 Leather Archer Armor
33:05 Scale Barding Armor
38:23 Thumb Ring
41:43 Imperial Age
39:55 Wheelbarrow
41:51 Chain Barding Armor
42:45 Conscription
42:30 Capped Ram
44:06 Siege Ram
47:36 Chemistry
47:07 Bracer
47:52 Stone Shaft Mining
46:46 Elite Skirmisher
50:30 Ring Archer Armor
50:54 Pikeman
51:06 Heavy Mounted Crossbowman
53:05 Scale Mail Armor
53:16 Forging
53:21 Halberdier
59:48 Squires
60:28 Cranequins
62:03 Hamask
65:27 Hand Cart
64:57 Town Watch
Westgate
6:41 Loom
9:11 Feudal Age
9:41 Double-Bit Axe
15:59 Fletching
19:41 Bloodlines
22:44 Castle Age
23:34 Scale Barding Armor
23:44 Bow Saw
24:11 Husbandry
28:01 Padded Archer Armor
29:30 Bodkin Arrow
29:58 Leather Archer Armor
32:03 Bodkin Arrow
32:32 Chain Barding Armor
32:47 Bodkin Arrow
36:15 Ballistics
41:07 Imperial Age
44:32 Bracer
47:27 Plate Barding Armor
47:41 Light Cavalry
52:13 Forging
51:28 Hussar
52:39 Vendel Legacy
56:05 Ring Archer Armor
59:02 Cranequins
62:59 Scale Mail Armor
63:35 Iron Casting
63:22 Horse Collar
63:20 Elite Varangian Guard
65:32 Chain Mail Armor
66:07 Wheelbarrow
Connection lost

Rejoining the realm…

Still unreachable

The connection could not be restored.

Session expired

The server has moved on; the page needs a fresh start.